 Dungeon Crawl Stone Soup version 0.28-a0-1415-g7c84da036a (webtiles) character file.

Game seed: 8125467207728322639

114 HallandMoats the Skirmisher (level 4, 0/40 HPs)
             Began as a Ghoul Fighter on Jan 7, 2022.
             Killed from afar by a white imp (2 damage)
             ... with a puff of frost
             ... summoned by Natasha
             ... on level 3 of the Dungeon.
             The game lasted 00:01:49 (2043 turns).

HallandMoats the Skirmisher (Ghoul Fighter)         Turns: 2043, Time: 00:01:49

Health: 0/40       AC:  6    Str: 25    XL:     4   Next: 97%
Magic:  3/3        EV:  9    Int:  5    God:
Gold:   42         SH:  9    Dex:  8    Spells: 3/3 levels left

rFire   . . .      SeeInvis .   a - +0 trident
rCold   + . .      Faith    .   c - +0 buckler
rNeg    + + +      Spirit   .   b - +0 scale mail
rPois   ∞          Reflect  +   (no helmet)
rElec   .          Harm     .   (no cloak)
rCorr   .          Rampage  .   (no gloves)
Will    .....                   (no boots)
Stlth   ..........              o - amulet of reflection
HPRegen 0.00/turn               n - +6 ring of strength
MPRegen 0.08/turn               (no ring)

@: inhibited regen
A: claws 1, cold resistance 1, negative energy resistance 3, inhibited
regeneration, torment resistance 2
a: no special abilities


You were on level 3 of the Dungeon.
You visited 1 branch of the dungeon, and saw 3 of its levels.

You collected 42 gold pieces.

Inventory:

Hand Weapons
 a - a +0 trident (weapon)
Armour
 b - a +0 scale mail (worn)
 c - a +0 buckler (worn)
Jewellery
 n - a +6 ring of strength (left claw)
 o - an amulet of reflection (around neck)
Wands
 d - a wand of flame (18)
Scrolls
 f - a scroll of immolation {unknown}
 g - a scroll of fear {unknown}
 h - 2 scrolls of teleportation {unknown}
 i - 3 scrolls of identify {unknown}
 j - a scroll of brand weapon {unknown}
 k - a scroll of vulnerability {unknown}
Potions
 e - a potion of lignification {unknown}
 l - 2 potions of curing {unknown}
 m - a potion of resistance {unknown}


   Skills:
 + Level 3.8 Fighting
 + Level 2.4 Polearms
 + Level 3.1 Armour
 + Level 1.3 Dodging
 * Level 3.6 Shields


You had 3 spell levels left.
You didn't know any spells.
Your spell library was empty.

Dungeon Overview and Level Annotations

Branches:
Dungeon (3/15)

Altars:

Annotations:
D:3 Natasha


Innate Abilities, Weirdness & Mutations

You thrive by killing the living.
You are immune to poison.
You have sharp fingernails.
Your flesh is cold resistant. (rC+)
You are immune to negative energy. (rN+++)
You do not regenerate when monsters are visible.
You are immune to unholy pain and torment.


Message History

You are too injured to fight recklessly!
You are too injured to fight recklessly!
You are too injured to fight recklessly!
You are too injured to fight recklessly!
You are too injured to fight recklessly!
You are too injured to fight recklessly!
You closely miss the quokka. You block the quokka's attack.
You closely miss the quokka. You block the quokka's attack. x2
You closely miss the quokka. The quokka bites you.
Natasha casts a spell.
You puncture the quokka!
You kill the quokka!
You closely miss Natasha. You block Natasha's attack.
You closely miss Natasha. Natasha closely misses you.
You hit Natasha.
Natasha is heavily wounded.
Natasha casts a spell.
Natasha claws you.
* * * LOW HITPOINT WARNING * * *
You closely miss Natasha.
Natasha is heavily wounded.
The white imp gestures at you. The puff of frost hits you. You resist.
* * * LOW HITPOINT WARNING * * *
Natasha claws you.
* * * LOW HITPOINT WARNING * * *
You puncture Natasha!
Natasha is almost dead.
You block Natasha's attack.
The white imp hits you but does no damage.
You miss Natasha.
Natasha is almost dead.
Natasha stares at you and mumbles some strange words.
You resist with some effort. You block the white imp's attack.
You closely miss Natasha.
Natasha is almost dead.
You block Natasha's attack. The white imp barely misses you.
The white imp gestures at you. The puff of frost hits you. You resist.
You die...

.. ....# .. #...# #. ...#
###. #..# .#.# #..#
)..###### #..##
........######...+
...####.........5#
.#.##..........#@#
###.#..........#h#
####..########.#5##
...............#..#+#####
############ #..........#
#..........# #..........#
#..........# #####..#####


You could see Natasha, a white imp (summoned) and a shadow imp (summoned).

Vanquished Creatures
  Jessica (D:2)
  2 adders (D:2)
  3 worms (D:2)
  6 ball pythons
  4 endoplasms
  3 giant cockroaches
  2 goblins (D:1)
  2 hobgoblins (D:1)
  3 jackals (D:1)
  6 quokkas
  8 bats
  2 frilled lizards (D:1)
  7 kobolds
  8 rats
57 creatures vanquished.

Vanquished Creatures (others)
  A plant (D:3)
1 creature vanquished.

Grand Total: 58 creatures vanquished

Notes
Turn   | Place    | Note
-------+----------+-------------------------------------------
     0 | D:1      | HallandMoats the Ghoul Fighter began the quest for the Orb.
     0 | D:1      | Reached XP level 1. HP: 19/19 MP: 0/0
    58 | D:1      | Reached XP level 2. HP: 26/26 MP: 1/1
   180 | D:1      | Reached XP level 3. HP: 29/31 MP: 2/2
   979 | D:2      | Found a faded altar of an unknown god.
  1163 | D:2      | Reached skill level 1 in Dodging
  1163 | D:2      | Reached XP level 4. HP: 26/39 MP: 3/3
  1381 | D:2      | Noticed Jessica
  1394 | D:2      | Killed Jessica
  2016 | D:3      | Noticed Natasha
  2040 | D:3      | HP: 2/40 [Natasha (6)]
  2043 | D:3      | Killed from afar by a white imp

Illustrated notes

Levels and vault maps discovered:
D:1:      giann_bridges, layout_basic
D:2:      layout_basic, shapermc_ecumenical_altar_venn, uniq_jessica
D:3:      layout_basic, nicolae_overflow_ecumenical_swirl, hex_intersection,
          guppyfry_early_lair_pool, uniq_natasha, uniq_terence, uniq_robin,
          uniq_sigmund

Skill      XL: |  1  2  3 |
---------------+----------+-----
Polearms       | 2 |  2.4
Shields        | 3 |  3.6
Armour         | 3 |  3.1
Dodging        | 1 |  1.3
Fighting       | |  3.8

Action                   |  1- 3 |  4- 6 || total
-------------------------+-------+-------++-------
Melee: Trident           |   131 |    69 ||   200
  Use: Potion            |       |     1 ||     1
Armor: Scale mail        |    52 |    27 ||    79
Dodge: Dodged            |    48 |    25 ||    73
Block: Buckler           |    27 |    26 ||    53

Table legend: (Time is in decaauts)
 A = Elapsed time spent in this place.
 B = Non-inter-level travel time spent in this place.
 C = Inter-level travel time spent in this place.
 D = Time resting spent in this place.
 E = Time spent auto-exploring this place.
 F = Levels seen in this place.
 G = Mean time per level.
                   A        B        C        D        E       F      G
               +--------+--------+--------+--------+--------+-----+--------+
         Total |   2095 |   2070 |     25 |      0 |   1652 |   3 |  698.3 |
       Dungeon |   2095 |   2070 |     25 |      0 |   1652 |   3 |  698.3 |
               +--------+--------+--------+--------+--------+-----+--------+

Top non-repeatable levels by time:
     D:2: 1088 daAuts
     D:1: 886 daAuts
     D:3: 120 daAuts
